 Dungeon Crawl Stone Soup version 0.27-a0-1149-g4505690ab0 (webtiles) character file.

Game seed: 10335721366389905028

78 Lekart the Skirmisher (level 4, -4/41 HPs)
             Began as a Draconian Chaos Knight on May 13, 2021.
             Was a Plaything of Xom.
             Succumbed to Sigmund's poison
             ... on level 2 of the Dungeon.
             The game lasted 00:02:07 (1607 turns).

Lekart the Skirmisher (Draconian Chaos Knight)      Turns: 1607, Time: 00:02:08

Health: -4/41      AC:  6    Str: 14    XL:     4   Next: 15%
Magic:  4/4        EV: 12    Int: 12    God:    Xom [..*...]
Gold:   78         SH:  0    Dex: 12    Spells: 3/3 levels left

rFire    . . .     SeeInvis .   h - +4 short sword
rCold    . . .     Faith    .   (no shield)
rNeg     . . .     Spirit   .   (armour unavailable)
rPois    .         Reflect  .   (helmet restricted)
rElec    .         Harm     .   e - +0 cloak
rCorr    .         Rampage  .   (no gloves)
Will     .....     Clarity  +   (no boots)
Stlth    +.........             (no amulet)
HPRegen  0.13/turn              (no ring)
MPRegen  0.09/turn              (no ring)

@: brilliant, lethally poisoned (-4 -> -31)
A: AC +5, unfitting armour, cold-blooded, antennae 1, hooves 1, clarity
a: Renounce Religion


You were on level 2 of the Dungeon.
You worshipped Xom.
You were a toy of Xom.
You visited 1 branch of the dungeon, and saw 2 of its levels.

You collected 127 gold pieces.
You spent 49 gold pieces at shops.

Inventory:

Hand Weapons
 a - a +0 falchion of chaos
 h - a +4 short sword (weapon)
Armour
 e - a +0 cloak (worn)
Jewellery
 d - a ring of poison resistance
 i - an amulet of magic regeneration
Scrolls
 c - a scroll of enchant armour {unknown}
 j - a scroll of noise {unknown}
Potions
 f - a potion of heal wounds {unknown}
 g - a potion of haste {unknown}
 k - a potion of magic {unknown}


   Skills:
 * Level 4.3 Fighting
 + Level 0.8(2.4) Short Blades
 + Level 3.6(3.7) Long Blades
 + Level 2.7 Dodging


You had 3 spell levels left.
You didn't know any spells.
Your spell library was empty.

Dungeon Overview and Level Annotations

Branches:
Dungeon (2/15)

Altars:
Sif Muna

Shops:
D:1 [

Annotations:
D:2 Sigmund


Innate Abilities, Weirdness & Mutations

Your plain brown scales are hard. (AC +5)
You cannot fit into any form of body armour.
You are cold-blooded and may be slowed by cold attacks.
You have a pair of small antennae on your head.
You have large cloven feet.
You possess an exceptional clarity of mind.


Message History

You closely miss the jackal.
The jackal bites you but does no damage.
Something barely misses you.
A jackal is nearby!
You closely miss the jackal. You kick the jackal.
The jackal is severely wounded.
The jackal bites you but does no damage.
Something hits you! The jackal barely misses you.
A jackal is nearby!
A jackal is nearby!
You puncture the jackal!
You kill the jackal!
Something completely misses you.
No target in view!
No target in view!
No target in view!
No target in view!
Something hits you but does no damage.
You are poisoned.
You see here a jackal corpse.
You miss something. You kick something.
You feel sick. Something hits you.
You are more poisoned.
You miss something. You kick something.
You feel very sick.
You hear some strange, mumbled words.
A puff of flame appears from out of thin air!
The puff of flame hits you!
You closely miss something. You kick something.
Your tail-slap misses something.
* * * LOW HITPOINT WARNING * * *
You feel very sick. Something hits you!
* * * LOW HITPOINT WARNING * * *
You are more poisoned.
Unknown command.
It was a potion of brilliance.
You feel clever all of a sudden.
Xom thinks this is hilarious!
You die...
Xom guffaws!

#####'#............#
#.†.....########...#
#.......# ##..#
#.......# #.>#
#.......# ####
#####'### #.# #.#
#@# #{# #.# #.. ###


There were no monsters in sight!

Vanquished Creatures
  Jessica (D:2)
  2 worms (D:2)
  A dart slug (D:1)
  3 endoplasms
  A giant cockroach (D:2)
  2 goblins (D:2)
  4 hobgoblins
  5 jackals
  4 quokkas
  5 ball pythons
  3 bats
  A frilled lizard (D:1)
  3 kobolds
  6 rats
41 creatures vanquished.

Notes
Turn   | Place    | Note
-------+----------+-------------------------------------------
     0 | D:1      | Lekart the Draconian Chaos Knight began the quest for the
                  | Orb.
     0 | D:1      | Reached XP level 1. HP: 19/19 MP: 1/1
   418 | D:1      | Reached XP level 2. HP: 27/27 MP: 2/2
   430 | D:1      | Found Bouq's Armour Boutique.
   434 | D:1      | Bought a +0 cloak for 49 gold pieces
   581 | D:1      | XOM: noise
   689 | D:1      | XOM: divination: detect items
  1061 | D:2      | XOM: fog
  1074 | D:2      | Reached XP level 3. HP: 28/33 MP: 3/3
  1083 | D:2      | Reached skill level 4 in Fighting
  1094 | D:2      | XOM: 4-stop teleportation journey
  1152 | D:2      | XOM is BORED!
  1152 | D:2      | XOM: give mutations
  1152 | D:2      | Gained mutation: You have a pair of small antennae on your
                  | head. [Xom's mischief]
  1152 | D:2      | Gained mutation: You have large cloven feet. [Xom's
                  | mischief]
  1152 | D:2      | Gained mutation: You possess an exceptional clarity of
                  | mind. [Xom's mischief]
  1168 | D:2      | XOM: divination: detect items
  1177 | D:2      | Noticed Jessica
  1187 | D:2      | Killed Jessica
  1268 | D:2      | XOM: 1-stop teleportation journey
  1438 | D:2      | Reached XP level 4. HP: 35/41 MP: 4/4
  1538 | D:2      | Found a shimmering blue altar of Sif Muna.
  1596 | D:2      | Noticed Sigmund
  1606 | D:2      | HP: 1/41 [something (11)]
  1607 | D:2      | Succumbed to Sigmund's poison

Illustrated notes

Levels and vault maps discovered:
D:1:      roderic_crossed_star, layout_loops_ring, serial_shops,
          nicolae_shop_behind_doors, roderic_serpentine_path
D:2:      layout_basic, basic_altar, uniq_jessica, uniq_sigmund

Skill      XL: |  1  2  3 |
---------------+----------+-----
Fighting       | 4 |  4.3
Short Blades   | |  0.8
Long Blades    | |  3.6
Dodging        | |  2.7

Action                   |  1- 3 |  4- 6 || total
-------------------------+-------+-------++-------
Melee: Falchion          |    37 |       ||    37
       Tailslap          |     7 |     1 ||     8
       Short sword       |    36 |    17 ||    53
       Kick              |     4 |     8 ||    12
  Use: Potion            |       |     1 ||     1
 Stab: Sleeping          |     1 |       ||     1
Armor: Skin              |    12 |     6 ||    18
Dodge: Dodged            |    44 |     7 ||    51
       Rpst.: Falchion   |     9 |       ||     9

Table legend: (Time is in decaauts)
 A = Elapsed time spent in this place.
 B = Non-inter-level travel time spent in this place.
 C = Inter-level travel time spent in this place.
 D = Time resting spent in this place.
 E = Time spent auto-exploring this place.
 F = Levels seen in this place.
 G = Mean time per level.
                   A        B        C        D        E       F      G
               +--------+--------+--------+--------+--------+-----+--------+
         Total |   1611 |   1520 |     91 |    154 |   1136 |   2 |  805.5 |
       Dungeon |   1611 |   1520 |     91 |    154 |   1136 |   2 |  805.5 |
               +--------+--------+--------+--------+--------+-----+--------+

Top non-repeatable levels by time:
     D:1: 1016 daAuts
     D:2: 595 daAuts
